 Dungeon Crawl Stone Soup version 0.26-a0-812-g31a745ddcd (webtiles) character file.

Game seed: 15101096367529726161

126 kae the Gusty (level 5, -5/25 HPs)
             Began as a Vine Stalker Air Elementalist on Nov 25, 2020.
             Killed by divine providence
             ... invoked by an orc priest
              (10 damage)
             ... on level 3 of the Dungeon.
             The game lasted 00:02:32 (2870 turns).

kae the Gusty (Vine Stalker Air Elementalist)       Turns: 2870, Time: 00:02:33

Health: -5/25      AC:  2    Str: 11    XL:     5   Next: 10%
Magic:  0/11       EV: 12    Int: 16    God:
Gold:   124        SH:  0    Dex: 14    Spells: 4/10 levels left

rFire    . . .     SeeInvis .   b - +0 whip
rCold    . . .     Faith    .   (no shield)
rNeg     . . .     Spirit   +   a - +0 robe
rPois    .         Reflect  .   (no helmet)
rElec    .         Harm     .   (no cloak)
rCorr    .         Rampage  .   (no gloves)
MR       .....                  (no boots)
Stlth    ++........             (no amulet)
HPRegen  0.48/turn              (no ring)
MPRegen  0.12/turn              (no ring)

@: flying, very slightly contaminated
A: fangs 2, regeneration 1, magic shield, antimagic bite, no potion heal 3, rot
immunity
a: no special abilities


You were on level 3 of the Dungeon.
You visited 1 branch of the dungeon, and saw 3 of its levels.

You collected 124 gold pieces.

Inventory:

Hand Weapons
 b - a +0 whip (weapon)
Armour
 a - a +0 robe (worn)
Scrolls
 g - a scroll of remove curse {unknown}
 h - a scroll of identify
Potions
 c - a potion of degeneration
 d - 2 potions of haste
 e - a potion of heal wounds
 f - a potion of curing


   Skills:
 + Level 1.2 Fighting
 - Level 1.5 Dodging
 - Level 2.4 Stealth
 * Level 3.3 Spellcasting
 * Level 2.5 Conjurations
 * Level 3.9 Air Magic


You had 4 spell levels left.
You knew the following spells:

 Your Spells              Type           Power        Failure   Level
a - Shock                 Conj/Air       ##..         4%          1
b - Static Discharge      Conj/Air       ##......     14%         3
c - Swiftness             Air            ###.....     5%          2

Your spell library contained the following spells:

 Spells                   Type           Power        Failure   Level
 Airstrike                Air            ###.......   34%         4
 Lightning Bolt           Conj/Air       ##........   80%         5


Dungeon Overview and Level Annotations

Branches:
Dungeon (3/15)

Altars:
Gozag
Xom

Annotations:
D:3 Jessica


Innate Abilities, Weirdness & Mutations

You have extremely sharp teeth.
Your natural rate of healing is unusually fast.
When hurt, damage is shared between your health and your magic reserves.
Your bite disrupts and absorbs the magic of your enemies.
Potions cannot restore your health.
You are immune to rotting.


Message History

You feel a strange surge of energy.
* * * LOW HITPOINT WARNING * * *
The orc priest calls upon Beogh to heal the orc.
The orc's wounds heal themselves!
The orc hits you with a +0 dagger.
* * * LOW HITPOINT WARNING * * *
You closely miss the orc priest. Your bite misses the orc priest.
The orc priest is moderately wounded.
The orc priest barely misses you. The orc barely misses you.
The orc priest barely misses you.
It was a potion of flight.
You feel very buoyant.
You fly up into the air.
The orc closely misses you. The orc priest barely misses you.
You barely miss the orc priest. Your bite misses the orc priest.
The orc priest is moderately wounded.
The orc hits you with a +0 dagger.
* * * LOW HITPOINT WARNING * * *
The orc priest calls down the wrath of Beogh upon you.
Beogh smites you!
You die...

.... ### #..o .... #...
##... .# #..o ...##..#
#... #####....#..# #...
#......_....
#...##@#..#....#
#.o..oo#..##...#
#.######.....# .#
#..)..# .
..#####.###### # #.
........#....# .#.
####.##.##...#####
...####.##.##...#....
####.#.....#'##...#.###


You could see an orc priest and 2 orcs.

Vanquished Creatures
  An orc priest (D:3)
  3 adders (D:2)
  2 worms (D:2)
  4 dart slugs
  3 leopard geckos
  2 orcs (D:3)
  2 ball pythons (D:1)
  2 giant cockroaches
  5 goblins
  4 hobgoblins
  7 jackals
  4 bats
  A frilled lizard (D:1)
  5 kobolds
  4 rats
49 creatures vanquished.

Notes
Turn   | Place    | Note
-------+----------+-------------------------------------------
     0 | D:1      | kae the Vine Stalker Air Elementalist began the quest for
                  | the Orb.
     0 | D:1      | Reached XP level 1. HP: 9/9 MP: 4/4
   396 | D:1      | Reached XP level 2. HP: 13/13 MP: 1/6
   847 | D:1      | Reached XP level 3. HP: 11/17 MP: 1/7
  1665 | D:2      | Gained mutation: Your natural rate of healing is unusually
                  | fast. [Vine Stalker growth]
  1665 | D:2      | Reached XP level 4. HP: 8/21 MP: 1/9
  1915 | D:2      | Reached skill level 1 in Fighting
  2529 | D:3      | Found a shimmering altar of Xom.
  2529 | D:3      | Noticed Jessica
  2570 | D:2      | Learned a level 3 spell: Static Discharge
  2573 | D:2      | Learned a level 2 spell: Swiftness
  2606 | D:3      | Reached XP level 5. HP: 15/25 MP: 1/11
  2813 | D:3      | Found an opulent altar of Gozag.
  2870 | D:3      | Killed from afar by an orc priest

Illustrated notes

Levels and vault maps discovered:
D:1:      roderic_chinese_lattice_arrival, layout_rooms, serial_park_tiny_pond
D:2:      layout_basic
D:3:      layout_basic, nicolae_overflow_crystal_walls,
          nicolae_overflow_hidden_temple, tgw_xom, grunt_decor_arrowhead,
          uniq_sigmund, uniq_jessica

Skill      XL: |  1  2  3  4 |
---------------+-------------+-----
Conjurations   | 2 |  2.5
Spellcasting   | 3 |  3.3
Fighting       | 1 |  1.2
Dodging        | |  1.5
Stealth        | |  2.4
Air Magic      | |  3.9

Action                   |  1- 3 |  4- 6 || total
-------------------------+-------+-------++-------
Melee: Unarmed           |     3 |       ||     3
       Bite              |     6 |     8 ||    14
       Whip              |    36 |    44 ||    80
 Cast: Shock             |    64 |    49 ||   113
  Use: Potion            |     5 |     2 ||     7
       Scroll            |     6 |       ||     6
Armor: Robe              |     7 |     5 ||    12
       Skin              |     6 |    21 ||    27
Dodge: Dodged            |    43 |    20 ||    63

Table legend: (Time is in decaauts)
 A = Elapsed time spent in this place.
 B = Non-inter-level travel time spent in this place.
 C = Inter-level travel time spent in this place.
 D = Time resting spent in this place.
 E = Time spent auto-exploring this place.
 F = Levels seen in this place.
 G = Mean time per level.
                   A        B        C        D        E       F      G
               +--------+--------+--------+--------+--------+-----+--------+
         Total |   2860 |   2771 |     89 |    382 |   1954 |   3 |  953.3 |
       Dungeon |   2860 |   2771 |     89 |    382 |   1954 |   3 |  953.3 |
               +--------+--------+--------+--------+--------+-----+--------+

Top non-repeatable levels by time:
     D:2: 1253 daAuts
     D:1: 1101 daAuts
     D:3: 505 daAuts
